Description

This is a cheese in PvZ, if you do it correctly, you can win in less 5 minutes.

Notes :

  • Do your proxy far from the overlord path (not like me in the VOD)
  • 15 probes are enough
  • Keep your chronoboosts for zealots
  • Go inside the main base with the first 3 zealots
  • Focus spines if there is some in construction
  • Don't lose your first zealots in a drone circles, number is the key

VOD

https://youtu.be/NDSqeCv__v0

Replay - Proxy 4G

Build Order

Get SALT Encoding   

  12  0:00  Probe  
  13  0:13  Probe  
  14  0:25  Probe  
  15  0:39  Pylon  
  15  0:58  Gateway x3  
  15  1:11  Gateway  
  15  1:19  Pylon  
  15  1:40  Zealot x2  
  15  1:46  Zealot x2  
  23  2:06  Zealot  
  25  2:12  Zealot x2  
  29  2:17  Pylon  
  29  2:27  Zealot  
  31  2:38  Zealot x2  
  37  2:56  Pylon  
Spawning Tool Build Advisor. Get it on Overwolf

Go to:

Details

  • Created by: zuka      
  • Published on: Oct 20, 2018
  • Modified on: Oct 20, 2018
  • Patch: 4.0.0
Show
View Real Time Build Order
Export as new Build Order

Comments (0)

There are no comments. Be the first!

Create an account to comment!